 Dungeon Crawl Stone Soup version 0.16.1 (webtiles) character file.

1873 Meow the Insei (level 9, -1/96 HPs)
             Began as an Octopode Wizard on Mar 25, 2015.
             Succumbed to poison (a potion of poison)
             ... on level 7 of the Dungeon.
             The game lasted 00:35:10 (8492 turns).

Meow the Insei (Octopode Wizard)                    Turns: 8492, Time: 00:35:10

Health: -1/96      AC: 24    Str: 11    XL:     9   Next: 14%
Magic:  9/17       EV:  2    Int: 23    God:
Gold:   268        SH:  0    Dex: 11    Spells: 4 memorised, 5 levels left

rFire  . . .     SeeInvis .     a - +4 quarterstaff (chaos)
rCold  . . .     Clarity  .     (no shield)
rNeg   + + +     SustAb   .     i - melded +0 hat
rPois  +         Gourm    .     r - amulet of resist mutation
rElec  .         Spirit   .     p - ring of wizardry
rCorr  .         Warding  .     (no ring)
rMut   +         NoTele   +     (no ring)
MR     .....                    (no ring)
Stlth  +++.......               (no ring)
                                (no ring)
                                (no ring)
                                (no ring)

@: mighty, lethally poisoned (-1 -> -15), tree-form, repel missiles, not
resistant to hostile enchantments, fairly stealthy
A: almost no armour, amphibious, 8 rings, (constrict 8), (camouflage 0),
(gelatinous body 0)
a: no special abilities


You were on level 7 of the Dungeon.
You were not hungry.
You were a tree.
You visited 1 branch of the dungeon, and saw 7 of its levels.

You collected 268 gold pieces.

Inventory:

Hand weapons
 a - a +4 quarterstaff of chaos (weapon)
 b - a +0 flail of holy wrath
 o - a +3 whip
 A - a +0 falchion
 D - a +0 quarterstaff
 E - the +2 long sword of Broy {antimagic, Noisy Str+3 Dex+3}
   (You took it off a gnoll on level 7 of the Dungeon)

   It disrupts the flow of magical energy around spellcasters and certain
   magical creatures (including the wielder).
   It affects your strength (+3).
   It affects your dexterity (+3).
   It may make noises in combat.
Missiles
 q - 5 javelins (quivered)
Armour
 i - a +0 hat (melded)
Jewellery
 p - a ring of wizardry (left branch)
 r - an amulet of resist mutation (around neck)
 x - an uncursed ring of ice
Magical devices
 l - a wand of slowing (30)
 m - a wand of digging (15)
 s - a wand of cold (1)
 B - a wand of lightning (6)
Scrolls
 e - 3 scrolls of remove curse
 h - a scroll of magic mapping
 j - a scroll of blinking {unknown}
 t - 2 scrolls of identify
 v - a scroll of noise {unknown}
Potions
 k - a potion of ambrosia
 n - a potion of flight
 u - a potion of degeneration
 F - a potion of haste
Books
 c - a book of Minor Magic

   Spells                             Type                      Level
   a - Magic Dart                     Conjuration                  1
   b - Blink                          Translocation                2
   c - Call Imp                       Summoning                    2
   d - Repel Missiles                 Charms/Air                   2
   e - Slow                           Hexes                        2
   f - Conjure Flame                  Conjuration/Fire             3
   g - Mephitic Cloud                 Conjuration/Poison/Air       3
 y - a book of Debilitation

   Spells                             Type                      Level
   a - Corona                         Hexes                        1
   b - Slow                           Hexes                        2
   c - Inner Flame                    Hexes/Fire                   3
   d - Enslavement                    Hexes                        4
   e - Cause Fear                     Hexes                        4
   f - Leda's Liquefaction            Hexes/Earth                  4
Comestibles
 d - 4 bread rations
 g - a fruit
 w - 2 meat rations


   Skills:
 + Level 7.4 Fighting
 - Level 3.6 Long Blades
 - Level 2.0 Dodging
 - Level 2.6 Stealth
 + Level 7.7 Unarmed Combat
 - Level 3.0 Spellcasting
 - Level 1.0 Conjurations
   Level 1.0 Summonings
   Level 1.0 Translocations


You had 5 spell levels left.
You knew the following spells:

 Your Spells              Type           Power        Failure   Level  Hunger
a - Magic Dart            Conj           #...         4%          1    None
c - Mephitic Cloud        Conj/Pois/Air  #.......     12%         3    ###....
f - Repel Missiles        Chrm/Air       #.....       9%          2    ##.....
F - Conjure Flame         Conj/Fire      #.......     12%         3    ###....


Dungeon Overview and Level Annotations

Branches:
Dungeon (7/15)
 Temple: D:4-7

Altars:
Dithmenos
Elyvilon
Gozag
Kikubaaqudgha
Makhleb
Ru

Shops:
D:6 ??

Annotations:
D:4 Meow's ghost, average OpWz


Innate Abilities, Weirdness & Mutations

You cannot wear most types of armour.
You are amphibious.
You can wear up to eight rings at the same time.
((You can use your tentacles to constrict many enemies at once.))
((Your skin changes colour to match your surroundings (Stealth).))
((Your rubbery body absorbs attacks (AC +1).))


Message History

* * * LOW HITPOINT WARNING * * *
You feel very sick.
The worker ant is engulfed in noxious fumes.
The worker ant appears confused.
Drink which item? (? for menu, Esc to quit)
It was a potion of might.
You feel very mighty all of a sudden.
* * * LOW HITPOINT WARNING * * *
You feel sick.
Drink which item? (? for menu, Esc to quit)
Okay, then.
You cannot move.
You cannot move.
* * * LOW HITPOINT WARNING * * *
You feel sick.
* * * LOW HITPOINT WARNING * * *
You feel sick.
* * * LOW HITPOINT WARNING * * *
You feel sick.
You die...

####...##.##...##.## ###
##... ###....)###.....###
#### ##.......#...)...#
##...†...#.......#
#.......#.......#
###...).###..().#
..##...## ##...##
#..##'#######)#######'###
##............a.♣).......
#...)...............S...
#......................
####†#######'#######'##
##...## #...# .#
##.....###.....#
#.......#.......
#.......#.......
##.......# ...


You could see a worker ant (confused) and an adder (confused).

Vanquished Creatures
  2 water moccasins
  An orc warrior (D:7)
  A wasp (D:5)
  2 ogres
  2 centaurs
  A phantom (D:5)
  A sky beast (D:7)
  A scorpion (D:5)
  4 jellies
  3 hounds
  A centaur zombie (D:7)
  A crimson imp (D:7)
  A centaur skeleton (D:4)
  Crazy Yiuf (D:7)
  A giant frog skeleton (D:5)
  2 iguanas
  3 orc priests
  5 orc wizards
  3 worker ants
  5 adders
  A shadow imp (D:3)
  4 gnolls (D:7)
  2 giant mites
  2 worms (D:2)
  An adder skeleton (D:6)
  2 adder zombies
  7 giant geckos
  An ooze (D:5)
  17 orcs
  A bat skeleton (D:6)
  A bat zombie (D:5)
  8 giant cockroaches
  16 goblins
  13 hobgoblins
  9 kobolds
  2 quokkas
  3 ball pythons
  16 bats
  3 giant newts
  4 jackals
  A jackal zombie (D:5)
  12 rats
167 creatures vanquished.

Notes
Turn   | Place    | Note
--------------------------------------------------------------
     0 | D:1      | Meow, the Octopode Wizard, began the quest for the Orb.
     0 | D:1      | Reached XP level 1. HP: 11/11 MP: 4/4
   232 | D:1      | Reached skill level 1 in Fighting
   232 | D:1      | Reached XP level 2. HP: 16/18 MP: 0/6
   293 | D:1      | Reached skill level 1 in Unarmed Combat
   796 | D:1      | Reached XP level 3. HP: 22/24 MP: 3/7
   967 | D:1      | Learned a level 3 spell: Mephitic Cloud
  1533 | D:2      | Learned a level 2 spell: Repel Missiles
  1593 | D:2      | Reached XP level 4. HP: 12/30 MP: 6/9
  2136 | D:2      | Learned a level 3 spell: Conjure Flame
  2798 | D:2      | Reached XP level 5. HP: 36/36 MP: 8/11
  3504 | D:3      | Found a shadowy altar of Dithmenos.
  3857 | D:4      | Noticed Meow's ghost (average OpWz)
  4183 | D:5      | Entered Level 5 of the Dungeon
  4220 | D:5      | Noticed a water moccasin
  4232 | D:5      | Killed a water moccasin
  4232 | D:5      | Reached skill level 4 in Fighting
  4232 | D:5      | Reached XP level 6. HP: 41/43 MP: 4/12
  4328 | D:5      | Found a sacrificial altar of Ru.
  4341 | D:5      | Noticed an ogre
  4481 | D:5      | Noticed a wasp
  4555 | D:5      | Killed a wasp
  4627 | D:5      | Noticed a centaur
  4633 | D:5      | Noticed a phantom
  4657 | D:5      | Killed an ogre
  4657 | D:5      | Reached skill level 5 in Unarmed Combat
  4657 | D:5      | Reached XP level 7. HP: 20/49 MP: 14/14
  4673 | D:5      | Found an ancient bone altar of Kikubaaqudgha.
  4767 | D:5      | Reached skill level 5 in Fighting
  4993 | D:5      | Found a white marble altar of Elyvilon.
  5424 | D:5      | Killed a phantom
  5424 | D:5      | Reached skill level 1 in Long Blades
  5702 | D:5      | Reached skill level 6 in Unarmed Combat
  5702 | D:5      | Reached XP level 8. HP: 8/57 MP: 6/16
  5928 | D:5      | Found a burning altar of Makhleb.
  6092 | D:5      | Killed a centaur
  6506 | D:6      | Found Staoh's Magic Scroll Emporium.
  6862 | D:6      | Found Aluitt's Magic Scroll Emporium.
  7473 | D:7      | Noticed Crazy Yiuf
  7480 | D:7      | Killed Crazy Yiuf
  7524 | D:7      | Found an opulent altar of Gozag.
  7728 | D:7      | Reached skill level 7 in Unarmed Combat
  8226 | D:7      | Reached XP level 9. HP: 58/64 MP: 17/17
  8383 | D:7      | Got a dazzling long sword
  8384 | D:7      | Identified the +2 long sword of Broy {antimagic, Noisy Str+3 Dex+3} (You took it off a gnoll on level 7 of the Dungeon)
  8489 | D:7      | HP: 3/96 [poison (a potion of poison)]
  8491 | D:7      | HP: 1/96 [poison (a potion of poison)]
  8492 | D:7      | Succumbed to poison (a potion of poison)

Action                   |  1- 3 |  4- 6 |  7- 9 || total
-------------------------+-------+-------+-------++-------
Melee: Unarmed           |    27 |    72 |    35 ||   134
       Whip              |    23 |    36 |       ||    59
       Falchion          |       |       |    83 ||    83
       Quarterstaff      |       |       |    39 ||    39
       Flail             |       |       |    14 ||    14
Throw: Javelin           |       |       |     1 ||     1
 Cast: Magic Dart        |    49 |    66 |   120 ||   235
       Mephitic Cloud    |       |    13 |    37 ||    50
       Conjure Flame     |       |     4 |     8 ||    12
       Repel Missiles    |       |       |     1 ||     1
Evoke: Wand              |       |       |     4 ||     4
  Use: Potion            |       |     6 |     3 ||     9
       Scroll            |       |     1 |     6 ||     7
 Stab: Sleeping          |       |     3 |     3 ||     6
       Confused          |       |     2 |    12 ||    14
  Eat: Chunk             |     2 |     8 |    14 ||    24
       Bread ration      |       |     1 |       ||     1
       Fruit             |       |       |     2 ||     2
